Map: Ruins of Seras

Players

zod - Winner!

  • Race: Protoss Protoss
  • League: Silver

A.I. 1 (Harder)

  • Race: Zerg Zerg

VOD

Have the link to the VOD?

Description

Time

  • Played on: Jan. 21, 2016, 1:24 p.m.
  • Length: 12:59
Show
View Real Time Build Order
Export as new Build Order

zod Protoss - Winner!

Build Orders:  

Get SALT Encoding   

  12  0:01  Probe (Chrono Boost)  
  13  0:12  Probe (Chrono Boost)  
  14  0:20  Pylon  
  14  0:23  Probe (Chrono Boost)  
  15  0:38  Probe (Chrono Boost)  
  15  0:41  Gateway  
  16  0:48  Probe (Chrono Boost)  
  17  0:51  Assimilator  
  17  0:59  Probe (Chrono Boost)  
  18  1:09  Probe (Chrono Boost)  
  18  1:11  Gateway  
  19  1:20  Probe (Chrono Boost)  
  20  1:30  Probe (Chrono Boost)  
  20  1:32  Cybernetics Core  
  21  1:35  Pylon  
  21  1:53  Probe (Chrono Boost)  
  22  1:56  Zealot  
  24  2:13  Nexus  
  24  2:18  Assimilator  
  24  2:20  Warp Gate (Chrono Boost)  
  24  2:30  Mothership Core (Chrono Boost)  
  24  2:33  Adept  
  28  2:38  Adept  
  30  2:49  Probe (Chrono Boost)  
  31  2:55  Pylon  
  31  3:04  Pylon  
  31  3:13  Probe (Chrono Boost), Adept  
  33  3:23  Twilight Council  
  33  3:31  Pylon  
  33  3:34  Adept  
  33  3:39  Probe (Chrono Boost)  
  36  3:48  Zealot  
  36  3:55  Probe  
  38  3:56  Probe  
  40  4:03  Assimilator  
  40  4:09  Pylon  
  40  4:12  Resonating Glaives (Chrono Boost)  
  40  4:25  Probe  
  40  4:26  Probe  
  40  4:27  Robotics Facility  
  42  4:34  Adept  
  42  4:37  Probe  
  44  4:39  Probe  
  46  4:52  Gateway, Adept  
  40  5:02  Adept  
  42  5:12  Probe  
  42  5:13  Probe  
  44  5:14  Assimilator  
  44  5:23  Immortal  
  42  5:45  Adept x2  
  46  5:54  Probe  
  46  5:55  Probe  
  46  5:56  Robotics Facility  
  48  6:01  Adept  
  48  6:02  Warp Prism  
  52  6:10  Probe  
  52  6:11  Probe  
  52  6:12  Gateway  
  54  6:19  Adept  
  54  6:20  Probe  
  54  6:25  Probe  
  58  6:31  Probe  
  58  6:33  Gateway  
  58  6:35  Sentry x2  
  63  6:55  Immortal  
  63  6:58  Immortal  
  63  7:00  Probe  
  71  7:01  Probe  
  73  7:09  Stalker  
  73  7:11  Stalker  
  77  7:34  Pylon  
  77  7:36  Pylon  
  78  7:37  Observer  
  78  7:39  Pylon  
  78  7:43  Pylon  
  78  7:50  Probe  
  78  7:52  Probe  
  80  8:09  Nexus, Forge  
  80  8:12  Pylon, Charge (Chrono Boost)  
  80  8:14  Zealot  
  80  8:17  Pylon  
  82  8:22  Pylon  
  82  8:28  Assimilator  
  82  8:31  Zealot  
  82  8:32  Zealot x2  
  82  8:33  Probe, Assimilator  
  88  8:35  Probe  
  90  8:46  Zealot, Robotics Bay  
  92  8:48  Adept  
  92  8:52  Probe  
  92  8:53  Probe  
  96  8:58  Zealot  
  96  9:01  Stalker  
  100  9:05  Probe  
  101  9:12  Stalker x2  
  105  9:23  Stalker  
  99  9:24  Stalker  
  99  9:26  Stalker  
  101  9:41  Blink (Chrono Boost)  
  101  9:44  Extended Thermal Lance  
  101  9:46  Colossus  
  101  9:49  Protoss Ground Weapons Level 1 (Chrono Boost)  
  101  9:51  Probe x2  
  101  9:52  Probe  
  110  10:00  Stalker  
  110  10:01  Probe  
  114  10:10  Adept x3  
  114  10:11  Adept  
  122  10:17  Colossus  
  128  10:26  Probe  
  128  10:40  Adept  
  128  10:41  Adept x2  
  128  10:42  Adept x2  
  134  10:54  Colossus  
  138  11:08  Stalker x2  
  140  11:11  Colossus  
  142  11:33  Stalker x2  
  142  11:39  Stalker  
  146  11:42  Stalker  
  148  11:55  Probe  
  148  11:58  Pylon  
  148  12:00  Pylon  
  149  12:01  Pylon  
  149  12:03  Pylon  
  149  12:05  Pylon  
  149  12:14  Probe x2  
  149  12:16  Probe  
  157  12:25  Stalker x3, Probe x2  
  157  12:26  Stalker  
  157  12:28  Probe  
Show
View Real Time Build Order
Export as new Build Order

A.I. 1 (Harder) Zerg 

Build Orders: Pool First 

Get SALT Encoding   

  12  0:00  Drone  
  13  0:12  Overlord  
  13  0:18  Drone  
  14  0:31  Drone x2  
  16  0:43  Spawning Pool  
  16  0:45  Drone  
  16  0:50  Drone  
  16  0:53  Extractor  
  16  0:56  Drone  
  17  1:06  Overlord  
  17  1:31  Zergling x2, Queen  
  20  1:37  Zergling x2  
  20  1:38  Roach Warren, Drone  
  21  1:43  Extractor  
  20  1:49  Drone  
  21  2:00  Drone  
  22  2:10  Overlord  
  22  2:21  Drone  
  23  2:32  Roach  
  25  2:38  Drone, Roach  
  25  2:43  Overlord  
  25  2:44  Roach  
  30  2:54  Drone  
  30  2:56  Ravager  
  32  3:01  Ravager  
  32  3:05  Roach  
  35  3:10  Drone  
  35  3:11  Roach  
  38  3:13  Overlord  
  38  3:16  Ravager  
  38  3:17  Roach  
  41  3:28  Roach  
  41  3:31  Baneling Nest  
  42  3:36  Evolution Chamber  
  42  3:38  Drone  
  42  3:42  Drone x2  
  42  3:46  Drone  
  45  3:50  Drone  
  46  4:01  Drone  
  47  4:47  Lair, Overlord, Roach, Zerg Melee Weapons Level 1  
  48  5:16  Hatchery  
  48  5:17  Drone  
  48  5:29  Zergling x2  
  39  5:38  Roach  
  35  5:45  Roach  
  35  5:48  Hydralisk Den  
  34  5:52  Roach  
  36  5:58  Burrow  
  36  6:00  Roach  
  38  6:07  Roach  
  40  6:14  Roach  
  42  6:21  Roach  
  44  6:28  Drone, Hydralisk  
  44  6:29  Drone x3  
  44  6:30  Drone  
  51  6:38  Hydralisk  
  51  6:39  Drone, Extractor  
  53  6:41  Zerg Missile Weapons Level 1  
  53  6:43  Extractor  
  52  6:49  Drone  
  52  6:50  Drone  
  52  6:51  Overlord, Roach  
  52  6:53  Drone  
  57  7:00  Drone  
  58  7:01  Drone  
  59  7:11  Drone  
  59  7:12  Drone  
  61  7:21  Overlord  
  61  7:22  Hydralisk  
  61  7:24  Drone x2  
  61  7:27  Drone  
  66  7:32  Drone  
  66  7:34  Hydralisk  
  69  7:39  Muscular Augments  
  69  7:41  Overseer  
  69  7:43  Drone  
  70  7:45  Drone, Overseer  
  71  7:53  Overlord  
  71  7:54  Hydralisk  
  71  7:55  Drone, Spore Crawler  
  71  7:56  Drone  
  74  7:58  Drone  
  74  8:04  Drone  
  76  8:05  Spore Crawler  
  76  8:07  Drone  
  76  8:12  Spore Crawler  
  75  8:15  Drone, Spore Crawler  
  75  8:18  Drone  
  76  8:22  Queen  
  76  8:25  Overlord  
  78  8:27  Drone, Roach  
  78  8:29  Drone  
  78  8:34  Spine Crawler, Hydralisk  
  82  8:35  Zerg Ground Armor Level 1  
  82  8:36  Drone  
  82  8:40  Spine Crawler  
  83  8:41  Drone  
  83  8:46  Spine Crawler  
  83  8:47  Drone  
  84  8:51  Spine Crawler  
  84  8:55  Evolution Chamber  
  82  8:57  Infestation Pit  
  81  9:07  Hatchery  
  63  9:26  Spire  
  48  9:34  Hive, Infestor  
  50  9:42  Roach  
  50  9:43  Overseer  
  52  9:49  Zergling x2  
  53  9:56  Roach  
  55  10:03  Roach  
  55  10:10  Hydralisk  
  55  10:11  Pneumatized Carapace  
  57  10:20  Drone  
  60  10:24  Hydralisk  
  59  10:32  Roach  
  52  10:39  Overseer, Roach, Hydralisk  
  52  10:42  Hydralisk x2  
  53  10:47  Viper, Greater Spire  
  53  10:49  Mutalisk  
  57  10:56  Zergling x2  
  55  10:57  Zergling x4  
  55  10:58  Drone, Hydralisk  
  55  11:04  Infestor  
  42  11:11  Roach  
  42  11:15  Drone  
  7  12:13  Drone x4  
  3  12:31  Drone  
Tags
 
Add a new tag
Caveats
  • Supply blocks, unpowered buildings, or Contaminate may cause inaccurate times.
  • Supply counts are checked every 10 seconds.